 Dungeon Sprint DCSS version 0.27-a0-1590-g15f69828bf (webtiles) character file.

Game seed: 4903208245835188113

6600000 Nausicaa the Axe Maniac (level 27, -35/228 HPs)
             Began as a Djinni Necromancer on July 18, 2021.
             Was the Champion of Makhleb.
             Annihilated by a meat berserker (53 damage)
             ... in the Dungeon (Sprint VIII: "Arena of Blood").
             The game lasted 00:13:39 (66 turns).

Nausicaa the Axe Maniac (Djinni Necromancer)          Turns: 66, Time: 00:13:40

Health: -35/228    AC:  4    Str:  7    XL:     27
Gold:   0          EV: 35    Int: 22    God:    Makhleb [******] SH:  0 Dex: 22

rFire    + + .     SeeInvis .   g - +∞ Axe of Woe
rCold    x . .     Faith    .   (shield currently unavailable)
rNeg     . . .     Spirit   .   a - +0 robe
rPois    ∞         Reflect  .   (no helmet)
rElec    .         Harm     .   (no cloak)
rCorr    .         Rampage  .   (no gloves)
Will     ++...     NoTele   +   (boots unavailable)
Stlth    ++++++++++             (no amulet)
HPRegen  0.48/turn              (no ring)
MPRegen  0.00/turn              (no ring)

@: swift, flying, quick
A: sickness immunity, fire resistance 2, cold vulnerability 1, float, innate
caster, hp casting, extra vitality 1
a: Renounce Religion, Minor Destruction, Lesser Servant of Makhleb, Major
Destruction, Greater Servant of Makhleb


You were in the Dungeon.
You worshipped Makhleb.
Makhleb was exalted by your worship.
You visited 1 branch

Inventory:

Hand Weapons
 g - the +∞ Axe of Woe (weapon)
   (You found it in the Dungeon)
Armour
 a - a +0 robe (worn)
Scrolls
 f - a scroll of blinking
Potions
 b - a potion of curing
 c - a potion of heal wounds
 d - a potion of haste
 e - a potion of berserk rage


   Skills:
 O Level 27 Fighting
 O Level 27 Short Blades
 O Level 27 Long Blades
 O Level 27 Axes
 O Level 27 Maces & Flails
 O Level 27 Polearms
 O Level 27 Staves
 O Level 27 Slings
 O Level 27 Bows
 O Level 27 Crossbows
 O Level 27 Throwing
 O Level 27 Armour
 O Level 27 Dodging
 O Level 27 Stealth
 O Level 27 Shields
 O Level 27 Unarmed Combat
 O Level 27 Spellcasting
 O Level 27 Invocations
 O Level 27 Evocations


You couldn't memorise any spells.
You knew the following spells:

 Your Spells              Type           Power      Damage    Failure   Level
a - Pain                  Necr           100%       1d9       0%          1
b - Animate Skeleton      Necr           100%       N/A       0%          1
c - Vampiric Draining     Necr           49%        2d13      0%          3
d - Animate Dead          Necr           49%        N/A       0%          4
e - Agony                 Necr           99%        N/A       0%          5
f - Sandblast             Erth           100%       2d20      0%          1
g - Wereblood             Tmut           99%        N/A       0%          2
h - Swiftness             Air            99%        N/A       0%          3
i - Portal Projectile     Hex/Tloc       100%       N/A       0%          3
j - Leda's Liquefaction   Hex/Erth       49%        N/A       0%          4
k - Freezing Cloud        Conj/Ice/Air   49%        6-21      0%          5
l - Simulacrum            Ice/Necr       49%        N/A       0%          6
m - Haunt                 Necr/Summ      49%        N/A       0%          7
n - Eringya's Noxious Bo  Tmut/Pois      49%        N/A       0%          6
o - Ignition              Fire           49%        3d14      1%          8
p - Summon Horrible Thin  Summ           49%        N/A       1%          8
q - Infestation           Necr           49%        N/A       1%          8
r - Polar Vortex          Ice            49%        N/A       1%          9
Your spell library was empty.

Dungeon Overview and Level Annotations

Branches:
Dungeon (1/1)

Altars:
Makhleb

Annotations:
D The Captor


Innate Abilities, Weirdness & Mutations

You are immune to sickness and miasma.
You are immune to poison.
Your flesh is very heat resistant. (rF++)
You are vulnerable to cold. (rC-)
You float through the air rather than walking.
You learn spells naturally, not from books.
Your magical power is your life essence.
You have superior vitality. (+4 HP)


Message History

The meat berserker convulses!
The bag of meat convulses! x2
The meat berserker convulses!
Your body is wracked with pain!
* * * LOW HITPOINT WARNING * * *
You hear a shout!
The accursed points at you and mumbles some strange words.
Something smites you!
* * * LOW HITPOINT WARNING * * *
A meat berserker comes into view. It is wielding a +9 battleaxe.
The bag of meat is engulfed in blazing flames.
You hear a shout! x3
Press: ? - help, v - describe, . - travel A rock wall. 3 orcs come into view.
You are engulfed in blazing flames.
You resist.
* * * LOW HITPOINT WARNING * * *
You hear a shout!
The tyrant gestures wildly while chanting.
The tyrant seems to speed up.
You hear a shout!
The eight-headed meat hydra calls on the powers of darkness!
The eight-headed meat hydra convulses!
The bag of meat convulses!
Your body is wracked with pain!
* * * LOW HITPOINT WARNING * * *
The meat berserker convulses!
The bag of meat convulses!
The Captor convulses!
The meat berserker convulses!
The bag of meat convulses! x2
The meat berserker convulses!
A meat berserker comes into view. It is wielding a +9 battleaxe.
You hear a shout! x2
Items here: ))))) ===== †.
Unknown command.
A bag of meat comes into view. It is wielding a +9 war axe.
The meat berserker is engulfed in blazing flames.
You hear a shout!
The bag of meat is engulfed in blazing flames.
A meat berserker comes into view. It is wielding a +9 battleaxe.
The bag of meat is engulfed in blazing flames.
You hear a shout! x2
The meat berserker is engulfed in blazing flames.
The meat berserker hits you with a +9 battleaxe!!!
You die...

#.....W.X..O.. ...o
.....LX...... .O..
....X...... ..oo.
#.)X.oX.# ..... # .
#).)O.☼☼# ......
..o.###)=)..Oo###......
....)o)))###§§§°○@.....
.#....)..W_.)oo°.......
.....).#))))D#@O°....#.
....O.V#_.<.o#.........
.......#.....#......#.#
.#.O.....2_.......M....
....O....###.........#.
.O.V###... ...###O.....
. #... ...# ...... #...
...# ..... ..... ..


You could see an accursed, a tentacled monstrosity (summoned), a tyrant (fast),
3 large abominations, a dread, The Captor, 5 meat berserkers and 6 bags of meat.

Vanquished Creatures
  2 royal mummies (D)
  A wraith (D)
  10 vampire knights (D)
  25 ogres (D)
  11 two-headed ogres (D)
  2 liches (D)
  43 orcs (D)
  5 skeletal warriors (D)
99 creatures vanquished.

Vanquished Creatures (others)
  An orc (D)
1 creature vanquished.

Grand Total: 100 creatures vanquished

Notes
Turn   | Place    | Note
-------+----------+-------------------------------------------
     0 | D        | Found the +∞ Axe of Woe
     0 | D        | Nausicaa the Djinni Necromancer began the quest for the
                  | Orb.
     0 | D        | Reached XP level 1. HP: 15/15 MP: 0/0
     4 | D        | Became a worshipper of Makhleb the Destroyer
     4 | D        | Noticed a bag of meat
     6 | D        | Noticed a meat berserker
     7 | D        | Killed a bag of meat
     8 | D        | Reached XP level 2. HP: 21/21 MP: 0/0
     8 | D        | Reached XP level 3. HP: 25/25 MP: 0/0
     8 | D        | Learned a level 1 spell: Sandblast
     8 | D        | Reached XP level 4. HP: 31/31 MP: 0/0
     8 | D        | Reached XP level 5. HP: 35/35 MP: 0/0
     8 | D        | Learned a level 2 spell: Wereblood
     8 | D        | Reached XP level 6. HP: 40/40 MP: 0/0
     8 | D        | Reached XP level 7. HP: 45/45 MP: 0/0
     8 | D        | Learned a level 3 spell: Swiftness
     8 | D        | Reached XP level 8. HP: 50/50 MP: 0/0
     8 | D        | Reached XP level 9. HP: 55/55 MP: 0/0
     8 | D        | Learned a level 3 spell: Portal Projectile
     8 | D        | Reached XP level 10. HP: 60/60 MP: 0/0
     8 | D        | Reached XP level 11. HP: 65/65 MP: 0/0
     8 | D        | Learned a level 4 spell: Leda's Liquefaction
     8 | D        | Reached XP level 12. HP: 70/70 MP: 0/0
     8 | D        | Noticed a meat berserker
     9 | D        | Noticed a bag of meat
     9 | D        | Noticed a bag of meat
     9 | D        | Noticed a bag of meat
     9 | D        | Noticed a meat berserker
     9 | D        | Noticed a bag of meat
    10 | D        | Killed a meat berserker
    10 | D        | Reached * piety under Makhleb
    10 | D        | Noticed a meat berserker
    11 | D        | Reached skill level 27 in Axes
    11 | D        | Reached XP level 13. HP: 93/93 MP: 0/0
    11 | D        | Learned a level 5 spell: Freezing Cloud
    11 | D        | Reached XP level 14. HP: 99/99 MP: 0/0
    11 | D        | Killed a bag of meat
    11 | D        | Noticed a bag of meat
    12 | D        | Reached XP level 15. HP: 122/122 MP: 0/0
    12 | D        | Learned a level 6 spell: Simulacrum
    12 | D        | Noticed a large bag of meat
    14 | D        | Killed a meat berserker
    14 | D        | Reached ** piety under Makhleb
    15 | D        | Reached XP level 16. HP: 112/153 MP: 0/0
    15 | D        | Killed a meat berserker
    16 | D        | Reached skill level 27 in Fighting
    16 | D        | Reached XP level 17. HP: 160/160 MP: 0/0
    16 | D        | Learned a level 7 spell: Haunt
    16 | D        | Noticed a meat berserker
    17 | D        | Reached *** piety under Makhleb
    17 | D        | Noticed a meat berserker
    18 | D        | Reached XP level 18. HP: 167/167 MP: 0/0
    19 | D        | Noticed a large bag of meat
    19 | D        | Killed a meat berserker
    19 | D        | Killed a meat berserker
    20 | D        | Reached skill level 27 in Dodging
    20 | D        | Reached XP level 19. HP: 174/174 MP: 0/0
    20 | D        | Learned a level 6 spell: Eringya's Noxious Bog
    20 | D        | Killed a large bag of meat
    20 | D        | Reached **** piety under Makhleb
    21 | D        | Reached XP level 20. HP: 168/181 MP: 0/0
    21 | D        | Noticed a large bag of meat
    21 | D        | Noticed a meat berserker
    22 | D        | Noticed a meat berserker
    22 | D        | Killed a meat berserker
    22 | D        | Reached ***** piety under Makhleb
    22 | D        | Noticed a meat berserker
    23 | D        | Reached skill level 27 in Spellcasting
    23 | D        | Reached XP level 21. HP: 187/187 MP: 0/0
    23 | D        | Learned a level 8 spell: Ignition
    24 | D        | Reached skill level 27 in Stealth
    24 | D        | Noticed a large bag of meat
    25 | D        | Noticed a destroyer
    26 | D        | Noticed a meat berserker
    26 | D        | Noticed a large bag of meat
    26 | D        | Noticed a meat berserker
    28 | D        | Reached XP level 22. HP: 170/194 MP: 0/0
    28 | D        | Noticed a large bag of meat
    28 | D        | Noticed a meat berserker
    28 | D        | Noticed a destroyer
    29 | D        | Noticed a meat berserker
    29 | D        | Noticed a meat berserker
    29 | D        | Noticed a meat berserker
    29 | D        | Noticed a large bag of meat
    29 | D        | Noticed a destroyer
    30 | D        | Killed a destroyer
    31 | D        | Reached skill level 27 in Invocations
    31 | D        | Noticed a large bag of meat
    32 | D        | Reached ****** piety under Makhleb
    34 | D        | Killed a meat berserker
    35 | D        | Reached XP level 23. HP: 201/201 MP: 0/0
    35 | D        | Learned a level 8 spell: Summon Horrible Things
    36 | D        | Reached skill level 27 in Evocations
    36 | D        | Reached XP level 24. HP: 208/208 MP: 0/0
    37 | D        | Reached skill level 27 in Armour
    38 | D        | Noticed a destroyer
    39 | D        | Killed a large bag of meat
    41 | D        | Reached skill level 27 in Unarmed Combat
    41 | D        | Reached XP level 25. HP: 210/214 MP: 0/0
    41 | D        | Learned a level 8 spell: Infestation
    42 | D        | Reached skill level 27 in Maces & Flails
    42 | D        | Reached skill level 10 in Shields
    42 | D        | Reached XP level 26. HP: 216/221 MP: 0/0
    43 | D        | Reached skill level 27 in Shields
    43 | D        | Noticed a destroyer
    43 | D        | Noticed a destroyer
    43 | D        | Noticed a large bag of meat
    43 | D        | Noticed a large bag of meat
    43 | D        | Noticed a destroyer
    44 | D        | Noticed a tyrant
    44 | D        | Killed a destroyer
    44 | D        | Killed a large bag of meat
    45 | D        | Reached skill level 27 in Polearms
    45 | D        | Reached XP level 27. HP: 207/228 MP: 0/0
    45 | D        | Learned a level 9 spell: Polar Vortex
    45 | D        | Killed a destroyer
    46 | D        | Reached skill level 27 in Staves
    47 | D        | Reached skill level 27 in Short Blades
    47 | D        | Reached skill level 5 in Long Blades
    47 | D        | Killed a large bag of meat
    47 | D        | Killed a large bag of meat
    47 | D        | Noticed an accursed
    48 | D        | Noticed a destroyer
    49 | D        | Noticed a large bag of meat
    50 | D        | Reached skill level 27 in Long Blades
    50 | D        | Killed a destroyer
    50 | D        | Killed a large bag of meat
    50 | D        | Killed a large bag of meat
    50 | D        | Killed a destroyer
    51 | D        | Reached skill level 27 in Bows
    52 | D        | Noticed a tyrant
    52 | D        | Killed a tyrant
    52 | D        | Killed a large bag of meat
    52 | D        | Killed a destroyer
    52 | D        | Noticed a destroyer
    53 | D        | Reached skill level 27 in Crossbows
    53 | D        | Reached skill level 27 in Throwing
    53 | D        | Killed a destroyer
    53 | D        | Killed a large bag of meat
    53 | D        | Noticed a large bag of meat
    54 | D        | Reached skill level 27 in Slings
    54 | D        | Noticed an accursed
    55 | D        | Killed a destroyer
    57 | D        | Killed a destroyer
    58 | D        | Noticed a destroyer
    59 | D        | Noticed a dread
    59 | D        | Killed an accursed
    59 | D        | Killed an accursed
    60 | D        | Killed a destroyer
    60 | D        | Noticed an accursed
    60 | D        | Noticed a tyrant
    62 | D        | Killed a tyrant
    62 | D        | Killed a dread
    62 | D        | Killed a large bag of meat
    63 | D        | Noticed a dread
    63 | D        | Noticed a dread
    63 | D        | Killed a large bag of meat
    63 | D        | Noticed a meat beast
    64 | D        | Noticed The Captor
    66 | D        | Annihilated by a meat berserker

Illustrated notes

Levels and vault maps discovered:
D:        meatsprint

Skill      XL: |  1  2  3  4  5  6  7  8  9 10 11 12 13 14 15 16 17 18 19 20 21 22 23 24 25 26 27 |
---------------+----------------------------------------------------------------------------------+-----
Axes           | 22 27 | 27.0
Fighting       | 8 16 26 27 | 27.0
Dodging        | 23 26 27 | 27.0
Spellcasting   | 20 25 27 | 27.0
Stealth        | 24 27 | 27.0
Invocations    | 21 27 | 27.0
Evocations     | 26 27 | 27.0
Armour         | 26 27 | 27.0
Unarmed Combat | 27 | 27.0
Maces & Flails | 17 27 | 27.0
Shields        | 10 27 | 27.0
Polearms       | 27 | 27.0
Staves         | 21 27 | 27.0
Short Blades   | 27 | 27.0
Long Blades    | 27 | 27.0
Bows           | 27 | 27.0
Crossbows      | 27 | 27.0
Throwing       | 27 | 27.0
Slings         | 27 | 27.0

Action                   |  1- 3 |  4- 6 |  7- 9 | 10-12 | 13-15 | 16-18 | 19-21 | 22-24 | 25-27 || total
-------------------------+-------+-------+-------+-------+-------+-------+-------+-------+-------++-------
Melee: Executioner's axe |     1 |       |       |     1 |     3 |     3 |     4 |     7 |    21 ||    40
 Cast: Animate Dead      |       |       |       |       |       |       |     1 |       |       ||     1
       Swiftness         |       |       |       |       |       |       |       |       |     1 ||     1
Invok: Greater Servant o |       |       |       |       |       |       |       |       |     1 ||     1
Armor: Robe              |       |       |       |       |       |       |       |       |     1 ||     1
Dodge: Dodged            |       |       |       |       |       |     1 |     2 |     2 |     1 ||     6

Table legend: (Time is in decaauts)
 A = Elapsed time spent in this place.
 B = Non-inter-level travel time spent in this place.
 C = Inter-level travel time spent in this place.
 D = Time resting spent in this place.
 E = Time spent auto-exploring this place.
 F = Levels seen in this place.
 G = Mean time per level.
                   A        B        C        D        E       F      G
               +--------+--------+--------+--------+--------+-----+--------+
         Total |     54 |     54 |      0 |      0 |      0 |   1 |   54.0 |
       Dungeon |     54 |     54 |      0 |      0 |      0 |   1 |   54.0 |
               +--------+--------+--------+--------+--------+-----+--------+

Top non-repeatable levels by time:
       D: 54 daAuts
